 Dungeon Crawl Stone Soup version 0.25.0-1-g7eea58d2a3 (webtiles) character file.

Game seed: 15865613369179846525

177 Froggeryz the Chopper (level 5, 0/45 HPs)
             Began as a Minotaur Berserker on June 13, 2020.
             Was a Priest of Trog.
             Slain by Pikel
             ... wielding a +2 whip of freezing
              (9 damage)
             ... on level 4 of the Dungeon.
             The game lasted 00:03:41 (2577 turns).

Froggeryz the Chopper (Minotaur Berserker)          Turns: 2577, Time: 00:03:41

Health: 0/45       AC:  6    Str: 22    XL:     5   Next: 30%
Magic:  4/4        EV: 10    Int:  4    God:    Trog [***...]
Gold:   278        SH:  0    Dex: 10    Spells: 4/4 levels left

rFire    . . .     SeeInvis .   a - +0 hand axe
rCold    . . .     Gourm    .   (no shield)
rNeg     . . .     Faith    .   q - +0 scale mail
rPois    +         Spirit   .   (helmet restricted)
rElec    .         Reflect  .   (no cloak)
rCorr    .         Harm     .   (no gloves)
MR       .....                  (no boots)
Stlth    ..........             (no amulet)
HPRegen  0.15/turn              (no ring)
MPRegen  0.09/turn              b - ring of poison resistance

@: hasted, very quick
A: retaliatory headbutt, horns 2
a: Berserk, Trog's Hand, Renounce Religion


You were on level 4 of the Dungeon.
You worshipped Trog.
Trog was most pleased with you.
You were not hungry.

You visited 1 branch of the dungeon, and saw 4 of its levels.

You collected 278 gold pieces.

Inventory:

Hand Weapons
 a - a +0 hand axe (weapon)
Missiles
 k - 5 javelins (quivered)
Armour
 q - a +0 scale mail (worn)
Jewellery
 b - a ring of poison resistance (right hand)
 r - an uncursed amulet of reflection {unknown}
Scrolls
 d - 2 scrolls of enchant weapon
 e - 7 scrolls of identify
 h - 2 scrolls of remove curse
 j - 5 scrolls of magic mapping {unknown}
 l - 5 scrolls of teleportation {unknown}
 m - 3 scrolls of amnesia {unknown}
 p - 2 scrolls of enchant armour {unknown}
Potions
 f - a potion of invisibility {unknown}
 g - a potion of brilliance {unknown}
 n - 2 potions of curing {unknown}
 o - a potion of degeneration {unknown}
 t - a potion of stabbing {unknown}
Comestibles
 c - 6 rations
 s - 6 chunks of flesh


   Skills:
 - Level 3.6 Fighting
 * Level 7.3 Axes
 - Level 2.4 Armour
 - Level 2.1 Dodging


You had 4 spell levels left.
You didn't know any spells.
Your spell library was empty.

Dungeon Overview and Level Annotations

Branches:
Dungeon (4/15)
 Temple: D:4-7

Altars:

Annotations:
D:4 Pikel


Innate Abilities, Weirdness & Mutations

You reflexively headbutt those who attack you in melee.
You have a pair of horns on your head.


Message History

You hit the slave. Your headbutt misses the slave.
The slave is heavily wounded.
The slave hits you.
You hit the slave but do no damage. Your headbutt misses the slave.
The slave is heavily wounded.
You hit the slave but do no damage. Your headbutt misses the slave.
The slave is heavily wounded.
The slave closely misses you. The slave hits you! The slave hits you.
Pikel drinks a potion.
Pikel seems to speed up.
Pikel says, "You'll fetch a fair price!"
Pikel says, "You'll feel the lick of my whip!"
Pikel hits you with a +2 whip of freezing.
* * * LOW HITPOINT WARNING * * *
Pikel freezes you.
* * * LOW HITPOINT WARNING * * *
You feel yourself speed up.
Pikel hits you with a +2 whip of freezing!
You die...

#.#)# #.............. # #.#.#
#....###.#.#### . #.#.#######....#
#....... .
#.#...)..###...###.###### #
#.######.# ##......# # # #.# #.#
#.##.#.# # # #.# ##.##
#.##.#.######
#########.#####...###.##.#.#.....
.........pp.p..K@.....##......รท..
###############...###......#.####
# ##.## #.######.# # #.# #.# #.# #
######.####.# #.. #...........#
### #.####.###### #.# #.#


You could see Pikel (fast) and 3 slaves.

Vanquished Creatures
  6 adders
  A worm (D:2)
  3 dart slugs
  5 leopard geckos
  6 orcs
  7 giant cockroaches
  10 goblins
  10 hobgoblins
  11 jackals
  7 kobolds
  3 quokkas
  10 bats
  5 frilled lizards
  2 jackal skeletons (D:4)
  12 rats
98 creatures vanquished.

Vanquished Creatures (others)
  5 toadstools (D:2)
5 creatures vanquished.

Grand Total: 103 creatures vanquished

Notes
Turn   | Place    | Note
-------+----------+-------------------------------------------
     0 | D:1      | Froggeryz the Minotaur Berserker began the quest for the
                  | Orb.
     0 | D:1      | Reached XP level 1. HP: 19/19 MP: 0/0
    33 | D:1      | Reached skill level 4 in Axes
    48 | D:1      | HP: 1/28 [kobold/+0 club (2)]
    50 | D:1      | Reached XP level 2. HP: 2/26 MP: 1/1
   497 | D:1      | Reached skill level 5 in Axes
   506 | D:1      | Reached ** piety under Trog
   512 | D:1      | Lost intelligence.
   541 | D:1      | Reached XP level 3. HP: 31/31 MP: 2/2
   931 | D:2      | Reached XP level 4. HP: 27/39 MP: 3/3
   975 | D:2      | Reached skill level 6 in Axes
  1402 | D:3      | Reached *** piety under Trog
  1653 | D:3      | Reached XP level 5. HP: 45/45 MP: 4/4
  1759 | D:3      | Reached skill level 7 in Axes
  2549 | D:4      | Noticed a slave
  2552 | D:4      | Noticed a slave
  2554 | D:4      | Noticed a slave
  2554 | D:4      | Noticed a slave
  2556 | D:4      | Noticed Pikel
  2577 | D:4      | Slain by Pikel

Illustrated notes

Levels and vault maps discovered:
D:1:      nzn_arrival_water_spiral, layout_basic, minmay_tetromino_i4
D:2:      layout_rooms, minivault_11, minmay_gold_behind_fungi
D:3:      wad_crossroads, layout_basic
D:4:      layout_loops_ring, minivault_24, uniq_edmund, uniq_pikel

Skill      XL: |  1  2  3  4  5 |
---------------+----------------+-----
Axes           | 4 5 6 7 |  7.3
Fighting       | |  3.6
Armour         | |  2.4
Dodging        | |  2.1

Action                   |  1- 3 |  4- 6 || total
-------------------------+-------+-------++-------
Melee: Hand axe          |    74 |   108 ||   182
       Headbutt          |    17 |    20 ||    37
Invok: Berserk           |     1 |       ||     1
  Use: Potion            |     1 |     1 ||     2
       Scroll            |     2 |     1 ||     3
  Eat: Chunk             |     1 |     6 ||     7
Armor: Skin              |     4 |       ||     4
       Animal skin       |     2 |       ||     2
       Ring mail         |    19 |     6 ||    25
       Scale mail        |       |    34 ||    34
Dodge: Dodged            |    58 |    62 ||   120
